 Dungeon Crawl Stone Soup version 0.29-a0-289-g2178c42546 (webtiles) character file.

Game seed: 3922479289782814217

85356 kae the Severer (level 15, -7/138 HPs)
             Began as a Hill Orc Fighter on Mar 17, 2022.
             Was the Champion of Qazlal.
             Killed from afar by a deep elf pyromancer (34 damage)
             ... with a bolt of fire
             ... on level 14 of the Dungeon.
             The game lasted 00:16:02 (32093 turns).

kae the Severer (Hill Orc Fighter)                 Turns: 32093, Time: 00:16:02

Health: -7/138     AC: 27    Str: 27    XL:     15   Next: 83%
Magic:  24/24      EV: 15    Int:  8    God:    Qazlal [******]
Gold:   1410       SH:  8    Dex: 10    Spells: 14/14 levels left

rFire   . . .      SeeInvis .   I - +3 battleaxe (flame)
rCold   . . .      Faith    .   (shield currently unavailable)
rNeg    . . .      Spirit   .   X - +0 plate armour
rPois   .          Reflect  .   n - +1 helmet
rElec   .          Harm     .   (no cloak)
rCorr   .          Rampage  .   J - +0 pair of gloves
Will    +....                   (no boots)
Stlth   ..........              (no amulet)
HPRegen 0.33/turn               i - +4 ring of evasion
MPRegen 0.19/turn               p - +4 ring of protection

@: protected from physical damage, repel missiles
A: no striking features
a: Renounce Religion, Upheaval, Elemental Force, Disaster Area


You were on level 14 of the Dungeon.
You worshipped Qazlal.
Qazlal was exalted by your worship.
You visited 3 branches of the dungeon, and saw 21 of its levels.

You collected 1462 gold pieces.
You spent 52 gold pieces at shops.

Inventory:

Hand Weapons
 a - a +1 war axe
 I - a +3 battleaxe of flaming (weapon)
Missiles
 S - a throwing net (quivered)
Armour
 b - a +0 scale mail
 c - a +0 buckler
 n - a +1 helmet (worn)
 J - a +0 pair of gloves (worn)
 X - a +0 plate armour (worn)
Jewellery
 e - a ring of resist corrosion
 f - a +6 ring of dexterity
 i - a +4 ring of evasion (left hand)
 p - a +4 ring of protection (right hand)
 s - a +4 ring of protection
 u - a ring of fire
 y - a ring of protection from fire
 E - a ring of flight
 H - a ring of positive energy
 K - a ring of wizardry
 Q - a ring of fire
 W - a ring of poison resistance
 Z - a ring of protection from fire
Wands
 A - a wand of acid (4)
 F - a wand of mindburst (19)
 G - a wand of digging (4)
 M - a wand of paralysis (6)
 U - a wand of iceblast (5)
 V - a wand of polymorph (4)
Scrolls
 h - 4 scrolls of fog
 k - 6 scrolls of blinking
 q - 7 scrolls of teleportation
 t - 4 scrolls of silence
 v - a scroll of fear
 C - 3 scrolls of vulnerability
 L - 19 scrolls of identify
 O - a scroll of brand weapon
 P - 5 scrolls of enchant armour
 R - 2 scrolls of magic mapping
 Y - a scroll of holy word
Potions
 d - 3 potions of might
 g - 3 potions of magic
 j - 4 potions of attraction
 l - 9 potions of curing
 m - 4 potions of degeneration
 o - 7 potions of lignification
 r - 6 potions of ambrosia
 w - 3 potions of mutation
 x - 4 potions of haste
 z - a potion of heal wounds
 B - 5 potions of brilliance
 D - 7 potions of flight
 N - a potion of resistance
 T - a potion of berserk rage


   Skills:
 - Level 14.0 Fighting
 - Level 20.0 Axes
 + Level 14.4 Armour
 + Level 10.9 Dodging
 - Level 3.2 Shields
 - Level 12.1 Invocations


You had 14 spell levels left.
You didn't know any spells.
Your spell library contained the following spells:

 Spells                   Type           Power      Damage    Failure   Level
 Animate Skeleton         Necr           0%         N/A       96%         1
 Foxfire                  Conj/Fire      0%         2x1d4     96%         1
 Freeze                   Ice            0%         1d3       96%         1
 Pain                     Necr           0%         1d4       96%         1
 Sandblast                Erth           0%         2d4       96%         1
 Shock                    Conj/Air       0%         1d3       96%         1
 Corpse Rot               Necr/Air       0%         N/A       99%         2
 Ensorcelled Hibernation  Hex/Ice        0%         N/A       99%         2
 Passwall                 Tmut/Erth      0%         N/A       99%         2
 Poisonous Vapours        Pois/Air       0%         N/A       99%         2
 Static Discharge         Conj/Air       0%         N/A       99%         2
 Sublimation of Blood     Necr           0%         N/A       99%         2
 Call Canine Familiar     Summ           0%         N/A       100%        3
 Conjure Flame            Conj/Fire      0%         6-21      100%        3
 Frozen Ramparts          Ice            0%         1d2       100%        3
 Inner Flame              Hex/Fire       0%         N/A       100%        3
 Portal Projectile        Hex/Tloc       0%         N/A       100%        3
 Stone Arrow              Conj/Erth      0%         3d7       100%        3
 Swiftness                Air            0%         N/A       100%        3
 Vampiric Draining        Necr           0%         2d6       100%        3
 Airstrike                Air            0%         N/A       100%        4
 Anguish                  Hex/Necr       0%         N/A       100%        4
 Animate Dead             Necr           0%         N/A       100%        4
 Cause Fear               Hex            0%         N/A       100%        4
 Flame Wave               Conj/Fire      0%         2d4       100%        4
 Hailstorm                Conj/Ice       0%         3d3       100%        4
 Leda's Liquefaction      Hex/Erth       0%         N/A       100%        4
 Alistair's Intoxication  Tmut/Pois      0%         N/A       100%        5
 Borgnjor's Vile Clutch   Necr/Erth      0%         N/A       100%        5
 Freezing Cloud           Conj/Ice/Air   0%         6-21      100%        5
 Lightning Bolt           Conj/Air       0%         1d11      100%        5
 Eringya's Noxious Bog    Tmut/Pois      0%         N/A       100%        6
 Simulacrum               Ice/Necr       0%         N/A       100%        6
 Haunt                    Necr/Summ      0%         N/A       100%        7
 Malign Gateway           Summ/Tloc      0%         N/A       100%        7
 Discord                  Hex            0%         N/A       100%        8
 Maxwell's Capacitive Co  Air            0%         ∞         100%        8
 Summon Horrible Things   Summ           0%         N/A       100%        8
 Polar Vortex             Ice            0%         N/A       100%        9


Dungeon Overview and Level Annotations

Branches:
Dungeon (14/15)            Temple (1/1) D:6            Lair (6/6) D:10
 Shoals (0/4) Lair:3        Snake (0/4) Lair:4        Slime (0/5) Lair:6
    Orc (0/2) D:9
 Vaults: D:13-14

Altars:
Ashenzari
Cheibriados
Dithmenos
Elyvilon
Fedhas
Gozag
Hepliaklqana
Kikubaaqudgha
Makhleb
Nemelex Xobeh
Okawaru
Qazlal
Ru
Sif Muna
Trog
Uskayaw
Vehumet
Wu Jian
Xom
Yredelemnul
Zin
The Shining One
Jiyva

Shops:
D:3 !   D:9 *

Annotations:
D:5 1 runed translucent door, Crazy Yiuf
D:14 2 transporters, Subbak's ghost, adept FoAK
Lair:6 exclusion: obsidian statue


Message History

You slash the skeletal warrior! You burn the skeletal warrior.
The skeletal warrior is heavily damaged.
You closely miss the skeletal warrior. You miss the fire elemental.
You slash the deep elf pyromancer! You burn the deep elf pyromancer.
You block the fire elemental's attack.
The skeletal warrior hits you but does no damage.
The skeletal warrior misses you.
The skeletal warrior hits you with a +0 trident!
You feel more protected from physical attacks.
The deep elf pyromancer mumbles some strange words.
The deep elf pyromancer blinks!
You slash the skeletal warrior! You burn the skeletal warrior.
The skeletal warrior is severely damaged.
You slash the skeletal warrior! You burn the skeletal warrior.
You destroy the skeletal warrior!
Qazlal accepts your kill.
You hit the fire elemental. You slash the fire elemental!
You block the fire elemental's attack. The fire elemental hits you.
The fire elemental burns you!
The skeletal warrior is engulfed in freezing vapours.
The skeletal warrior hits you with a +0 trident!
* * * LOW HITPOINT WARNING * * *
You feel more protected from physical attacks.
The skeletal warrior is engulfed in freezing vapours.
The skeletal warrior hits you but does no damage.
The deep elf pyromancer gestures wildly while chanting.
The deep elf pyromancer blinks!
You slash the skeletal warrior! You burn the skeletal warrior!
You destroy the skeletal warrior!
Qazlal accepts your kill.
You hit the fire elemental. You slash the fire elemental!
The fire elemental closely misses you. x2
You completely miss the fire elemental.
The fire elemental is severely damaged.
You closely miss the fire elemental.
You hear a shout!
The fire elemental barely misses you.
The deep elf pyromancer gestures at you while chanting.
The bolt of fire hits you!!
You die...

#######.# #.......#
#.......# #.......#
#.......#
#.......########
#########§..............
.....z).E...#########..#
.....○○@°.>.#.......'..#
......§.E...#.......#..#
.#####.°°..##......(#..#
#e.#######.....'..# #..#
#.....#..# #..#
#.....#..# ######## #..#
#.....#..# .......# #..#
#.>####... ......# ..
#..#....(.


You could see a skeletal warrior, a deep elf pyromancer and 2 fire elementals.

Vanquished Creatures
  2 dire elephants (Lair:6)
  The ghost of robertstho the Thaumaturge, a journeyman DjFE of Makhleb (D:11)
  7 hydras
  Harold (Lair:2)
  2 boulder beetles
  4 centaur warriors
  The ghost of Roaleyf the Cruncher, a journeyman DsDe of Qazlal (Lair:1)
  The ghost of Roaleyf the Cruncher, a journeyman DsDe of Qazlal (Lair:1)
  5 two-headed ogres
  The ghost of Ocesy the Thaumaturge, a journeyman DjFE of Makhleb (Lair:1)
  A death knight (D:14)
  2 tengu warriors
  The ghost of Sibufos the Martial Artist, a novice DsGl of Nemelex Xobeh (Lair:1)
  14 death yaks
  2 spectral dire elephants (Lair:6)
  5 skeletal warriors
  A spectral anaconda (Lair:6)
  A wizard (D:10)
  A phantasmal warrior (D:14)
  A deep elf archer (D:14)
  A deep elf pyromancer (D:14)
  3 necromancers (Lair:6)
  A wolf spider (D:10)
  A cyclops (D:12)
  4 ugly things
  7 black mambas
  Maurice (D:9)
  23 elephants
  A dire elephant zombie (Lair:6)
  2 gargoyles (D:12)
  Joseph (Lair:1)
  A torpor snail (Lair:6)
  13 cane toads
  2 unseen horrors (D:10)
  3 komodo dragons
  3 rime drakes
  A freezing wraith (D:14)
  4 hornets
  A queen bee (D:10)
  2 trolls
  18 blink frogs
  A jumping spider (shapeshifter) (D:13)
  8 slime creatures
  7 dream sheep (Lair:4)
  17 flying skulls
  A shadow (D:11)
  6 wraiths
  47 yaks
  A vampire (D:13)
  Sigmund (D:2)
  4 wyverns
  5 basilisks
  A steam dragon (D:7)
  6 vampire mosquitoes
  A warg (D:9)
  3 acid dragons
  16 water moccasins
  2 ice beasts
  4 orc warriors
  3 sky beasts
  A black bear (Lair:4)
  3 elephant zombies (Lair:6)
  3 ogres
  25 wolves
  12 centaurs
  9 bullfrogs
  5 kobold brigands
  6 scorpions
  2 cane toad simulacra (Lair:6)
  A gnoll sergeant (D:11)
  4 necrophages
  2 water moccasin zombies (D:5)
  12 wights
  41 killer bees
  3 elephant simulacra (Lair:6)
  3 electric eels
  4 howler monkeys
  3 hounds
  A human zombie (D:5)
  7 jellies
  5 orc priests
  An iguana (D:6)
  A scorpion zombie (D:5)
  Ijyb (D:5)
  13 orc wizards
  A hound zombie (D:5)
  2 mummies (D:5)
  Robin (D:2)
  9 adders
  3 gnolls (D:11)
  2 shadow imps
  2 white imps
  An ufetubus (D:6)
  3 worms
  2 dart slugs
  28 orcs
  11 endoplasms
  5 giant cockroaches
  7 hobgoblins
  3 jackals (D:1)
  2 quokkas
  5 ball pythons
  5 bats
  2 frilled lizards
  18 goblins
  20 kobolds
  4 rats
585 creatures vanquished.

Vanquished Creatures (others)
  A goblin (D:2)
  16 fungi
  34 plants
  29 withered plants (Lair:6)
80 creatures vanquished.

Grand Total: 665 creatures vanquished

Notes
Turn   | Place    | Note
-------+----------+-------------------------------------------
     0 | D:1      | kae the Hill Orc Fighter began the quest for the Orb.
     0 | D:1      | Reached XP level 1. HP: 19/19 MP: 1/1
   153 | D:1      | Found a faded altar of an unknown god.
   156 | D:1      | Reached skill level 3 in Axes
   158 | D:1      | Reached XP level 2. HP: 23/27 MP: 2/2
   778 | D:1      | Reached skill level 4 in Axes
   778 | D:1      | Reached XP level 3. HP: 17/33 MP: 3/3
   787 | D:1      | HP: 1/33 [poisoned by a goblin]
  1219 | D:1      | Noticed an ogre
  1220 | D:1      | Noticed an ogre
  1221 | D:1      | Noticed an ogre
  1222 | D:1      | Noticed an ogre
  1327 | D:2      | Noticed Robin
  1449 | D:2      | Killed Robin
  1450 | D:2      | Reached XP level 4. HP: 24/41 MP: 4/4
  1849 | D:2      | Reached skill level 5 in Axes
  2167 | D:2      | Noticed Sigmund
  2901 | D:3      | Found Soch's Distillery.
  2922 | D:3      | Bought a potion of curing for 39 gold pieces
  2922 | D:3      | Bought a potion of degeneration for 13 gold pieces
  3040 | D:3      | Reached XP level 5. HP: 38/47 MP: 5/5
  3569 | D:4      | Reached skill level 5 in Fighting
  3569 | D:4      | Reached skill level 6 in Axes
  3662 | D:4      | Reached XP level 6. HP: 56/56 MP: 6/6
  3693 | D:4      | Reached skill level 7 in Axes
  4194 | D:3      | Found Soch's Distillery.
  4807 | D:3      | Found Soch's Distillery.
  5531 | D:2      | Killed Sigmund
  5532 | D:2      | Reached skill level 8 in Axes
  5532 | D:2      | Reached XP level 7. HP: 47/63 MP: 7/7
  6052 | D:5      | Entered Level 5 of the Dungeon
  6171 | D:5      | Got the Papyrus of Necromancy
  6213 | D:5      | Reached skill level 9 in Axes
  6614 | D:5      | Reached XP level 8. HP: 69/73 MP: 8/8
  6642 | D:5      | Reached skill level 10 in Axes
  6656 | D:5      | Found a basalt altar of Yredelemnul.
  6838 | D:5      | Reached skill level 11 in Axes
  6977 | D:5      | Found a runed translucent door.
  6978 | D:5      | Noticed Crazy Yiuf
  7182 | D:5      | Noticed Ijyb
  7192 | D:5      | Killed Ijyb
  7613 | D:6      | Reached skill level 12 in Axes
  7613 | D:6      | Reached XP level 9. HP: 75/82 MP: 9/9
  7774 | D:6      | Found a staircase to the Ecumenical Temple.
  7801 | Temple   | Entered the Ecumenical Temple
  8049 | Temple   | Became a worshipper of Qazlal Stormbringer
  8153 | D:6      | Reached skill level 1 in Invocations
  9088 | D:7      | Reached skill level 13 in Axes
  9560 | D:7      | Reached * piety under Qazlal
  9906 | D:7      | Reached skill level 14 in Axes
 10061 | D:7      | Reached XP level 10. HP: 93/93 MP: 13/13
 10205 | D:8      | Reached skill level 10 in Fighting
 10235 | D:8      | Reached skill level 5 in Invocations
 10239 | D:8      | Paralysed by a hornet for 1 turns
 10619 | D:8      | Noticed a red ugly thing
 10631 | D:8      | Killed a red ugly thing
 10954 | D:8      | Reached skill level 15 in Axes
 11225 | D:9      | Paralysed by a hornet for 3 turns
 11257 | D:9      | Noticed a two-headed ogre
 11715 | D:9      | Noticed Maurice
 12058 | D:9      | Reached ** piety under Qazlal
 12063 | D:9      | Killed Maurice
 12187 | D:9      | Found a staircase to the Orcish Mines.
 12428 | D:9      | Killed a two-headed ogre
 12429 | D:9      | Reached skill level 16 in Axes
 12429 | D:9      | Reached XP level 11. HP: 26/102 MP: 16/16
 12777 | D:9      | Found Caoghek's Demolitions Depot.
 13268 | D:10     | Entered Level 10 of the Dungeon
 13268 | D:10     | Noticed a two-headed ogre
 13451 | D:10     | Killed a two-headed ogre
 14728 | D:10     | Reached skill level 17 in Axes
 14831 | D:10     | Reached *** piety under Qazlal
 15230 | D:10     | Noticed a wolf spider
 15255 | D:10     | Killed a wolf spider
 15597 | D:10     | Noticed a centaur warrior
 15621 | D:10     | Killed a centaur warrior
 16227 | D:10     | Noticed a wizard
 16230 | D:10     | Noticed an eight-headed hydra
 16232 | D:10     | Noticed a tengu warrior
 16378 | D:10     | Killed an eight-headed hydra
 16379 | D:10     | Reached skill level 18 in Axes
 16379 | D:10     | Reached XP level 12. HP: 112/113 MP: 3/19
 16492 | D:10     | Found a staircase to the Lair.
 16595 | D:10     | Got the Grimoire of Lethal Ice
 16716 | D:10     | Killed a tengu warrior
 16717 | D:10     | Reached skill level 10 in Invocations
 17207 | D:11     | You fall into a shaft and drop 2 floors!
 17296 | D:12     | Noticed an eight-headed hydra
 17301 | D:12     | Killed a six-headed hydra
 18242 | D:12     | Reached skill level 19 in Axes
 18870 | D:11     | Found a runed translucent gate.
 18870 | D:11     | Found a runed translucent gate.
 18870 | D:11     | Found a runed translucent gate.
 18997 | D:11     | Noticed a two-headed ogre
 19002 | D:11     | Killed a two-headed ogre
 19336 | D:11     | Noticed robertstho's ghost (journeyman DjFE)
 19353 | D:11     | Killed robertstho's ghost
 19459 | Lair:1   | Entered Level 1 of the Lair of Beasts
 19989 | Lair:1   | Found a runed translucent gate.
 19990 | Lair:1   | Found a runed translucent gate.
 19991 | Lair:1   | Found a runed translucent gate.
 19992 | Lair:1   | Noticed Roaleyf's ghost (journeyman DsDe)
 19993 | Lair:1   | Noticed Ocesy's ghost (journeyman DjFE)
 19993 | Lair:1   | Noticed Roaleyf's ghost (journeyman DsDe)
 19993 | Lair:1   | Noticed Sibufos's ghost (novice DsGl)
 20088 | Lair:1   | Reached XP level 13. HP: 77/123 MP: 21/21
 20345 | Lair:1   | Noticed Joseph
 20349 | Lair:1   | Reached skill level 20 in Axes
 20367 | Lair:1   | Killed Joseph
 20940 | Lair:1   | Killed Roaleyf's ghost
 20941 | Lair:1   | Reached skill level 1 in Dodging
 20945 | Lair:1   | Killed Sibufos's ghost
 20946 | Lair:1   | Killed Roaleyf's ghost
 20951 | Lair:1   | Killed Ocesy's ghost
 21194 | Lair:2   | Reached skill level 5 in Armour
 21202 | Lair:2   | Reached **** piety under Qazlal
 21656 | Lair:2   | Noticed Harold
 21668 | Lair:2   | Killed Harold
 22572 | Lair:3   | Reached skill level 5 in Dodging
 22986 | Lair:3   | Reached XP level 14. HP: 120/132 MP: 23/23
 23380 | Lair:3   | Found a staircase to the Shoals.
 23878 | Lair:4   | Found a staircase to the Snake Pit.
 23883 | Lair:4   | You fall into a shaft and drop 1 floor!
 23894 | Lair:4   | Reached ***** piety under Qazlal
 23919 | Lair:5   | Reached skill level 10 in Armour
 25948 | Lair:6   | Entered Level 6 of the Lair of Beasts
 27969 | Lair:6   | Reached XP level 15. HP: 69/138 MP: 24/24
 27981 | Lair:6   | Reached ****** piety under Qazlal
 28245 | Lair:6   | Found a staircase to the Slime Pits.
 28245 | Lair:6   | Found a viscous altar of Jiyva.
 29223 | Lair:6   | HP: 5/138 [dire elephant simulacrum[a necromancer] (18)]
 29225 | Lair:6   | HP: 2/138 [dire elephant simulacrum[a necromancer] (3)]
 30218 | D:13     | Reached skill level 10 in Dodging
 31733 | D:14     | Found the +3 giant club "Skullcrusher" {speed, Str+7}
 31855 | D:14     | Found a transporter.
 31857 | D:14     | Identified the ring "Istru" {Fire Int+3}
 31857 | D:14     | Noticed a frost giant
 31857 | D:14     | Noticed Subbak's ghost (adept FoAK)
 31858 | D:14     | Identified the +3 great mace of Saprai {venom, rCorr Int+6}
 31961 | D:14     | Found a transporter.
 32093 | D:14     | Killed from afar by a deep elf pyromancer

Illustrated notes

Levels and vault maps discovered:
D:1:      erik_arrival_cave_to_civilisation [erik_arrival_cave_to_temple],
          layout_loops_ring, hellmonk_ecumenical_altar_pennies_from_heaven,
          minmay_heptomino_l4
D:2:      layout_basic, uniq_robin, uniq_sigmund
D:3:      layout_basic, serial_shops, shop_fountains
D:4:      layout_rooms
D:5:      layout_loops_ring, lemuel_mausoleum_altar_yredelemnul,
          uniq_crazy_yiuf_cottage, uniq_ijyb
D:6:      layout_basic, minmay_temple_entry_ruins,
          minmay_a_box_with_orc_wizards_in_it
D:7:      layout_gridville, due_unseen_surprise
D:8:      layout_basic
D:9:      layout_gridville, david_orc_3, hangedman_glass_teeth,
          nicolae_blasting_shop, palyth_stone_intersect, hex_tiny, uniq_maurice
D:10:     minmay_the_grid_plus [minmay_the_grid_tiny_cups,
          minmay_the_grid_minigrid_medium, minmay_the_grid_slots,
          minmay_the_grid_stretched_grid, minmay_the_grid_prize_trominoes],
          layout_irregular_city, david_lair_shrubbed, minivault_23, minivault_7
D:11:     layout_big_octagon, ebering_ghost_rock_garden
D:12:     layout_stronghold, lemuel_flamethrower_hall
D:13:     layout_irregular_city
D:14:     layout_irregular_city, hangedman_vaults_entry_quadrant_bands,
          minmay_staircase_bubble, gammafunk_ghost_smash,
          minmay_guarded_unrand_skullcrusher
Temple:   mainiacjoe_temple_archimedes_tessellation
Lair:1:   layout_gridlike, gammafunk_ghost_cemetery, serial_bayou_ford_a,
          nicolae_quartered_pool_little, st_stairs_3,
          grunt_forest_small_clearings, uniq_joseph
Lair:2:   layout_loops_ring, uniq_harold
Lair:3:   layout_cave_pods, shoals_dummy_entry, serial_bayou_shore_b,
          lemuel_fruit_tree
Lair:4:   layout_roguey, dummy_snake_entry, grunt_megastairs_4
Lair:5:   layout_layer_cave, serial_bayou_shore_a, grunt_megastairs_3
Lair:6:   due_jungle_book, layout_gridlike, slime_altar_1

Skill      XL: |  1  2  3  4  5  6  7  8  9 10 11 12 13 14 15 |
---------------+----------------------------------------------+-----
Axes           | 3 4 5 6 8 9 12 14 16 18 19 20 | 20.0
Fighting       | 4 5 6 7 8 9 11 12 13 14 | 14.0
Invocations    | 4 7 9 11 12 | 12.1
Armour         | 8 12 14 | 14.4
Dodging        | 6 9 10 | 10.9
Shields        | |  3.2

Action                   |  1- 3 |  4- 6 |  7- 9 | 10-12 | 13-15 || total
-------------------------+-------+-------+-------+-------+-------++-------
Melee: War axe           |    79 |   148 |   333 |   473 |       ||  1033
       Battleaxe         |       |       |       |   162 |   773 ||   935
Invok: Upheaval          |       |       |       |     7 |       ||     7
Evoke: Wand              |       |       |       |     8 |       ||     8
  Use: Scroll            |       |    10 |     5 |     9 |     5 ||    29
       Potion            |       |     4 |     1 |       |     2 ||     7
Armor: Scale mail        |    47 |    64 |   126 |   219 |   170 ||   626
       Plate armour      |       |       |       |       |   159 ||   159
Dodge: Dodged            |    67 |    87 |   142 |   335 |   468 ||  1099
       Repelled          |       |       |       |       |     2 ||     2
Block: Buckler           |    28 |    27 |    60 |   150 |       ||   265
       Other             |       |       |       |    13 |   227 ||   240

Table legend: (Time is in decaauts)
 A = Elapsed time spent in this place.
 B = Non-inter-level travel time spent in this place.
 C = Inter-level travel time spent in this place.
 D = Time resting spent in this place.
 E = Time spent auto-exploring this place.
 F = Levels seen in this place.
 G = Mean time per level.
                   A        B        C        D        E       F      G
               +--------+--------+--------+--------+--------+-----+--------+
         Total |  31839 |  30154 |   1685 |   3755 |  22854 |  21 | 1516.1 |
       Dungeon |  21194 |  20303 |    891 |   3108 |  14608 |  14 | 1513.9 |
        Temple |    290 |    215 |     75 |      0 |    196 |   1 |  290.0 |
          Lair |  10353 |   9635 |    718 |    647 |   8050 |   6 | 1725.5 |
               +--------+--------+--------+--------+--------+-----+--------+

Top non-repeatable levels by time:
    D:10: 3495 daAuts
  Lair:5: 2249 daAuts
  Lair:6: 2177 daAuts
     D:3: 1964 daAuts
     D:9: 1900 daAuts
  Lair:1: 1868 daAuts
     D:1: 1800 daAuts
     D:2: 1767 daAuts
     D:8: 1628 daAuts
    D:12: 1448 daAuts
  Lair:4: 1431 daAuts
    D:13: 1401 daAuts
  Lair:2: 1359 daAuts
     D:5: 1310 daAuts
     D:7: 1278 daAuts
